 Dungeon Crawl Stone Soup version 0.30-a0-802-gb92711bcdf (webtiles) character file.

Game seed: 15889624309251272935

39 Sabo the Chiller (level 3, -2/25 HPs)
             Began as a Gnoll Wanderer on Feb 24, 2023.
             Was a Follower of Kikubaaqudgha.
             Succumbed to an orc's poison
             ... on level 2 of the Dungeon.
             The game lasted 00:06:35 (1289 turns).

Sabo the Chiller (Gnoll Wanderer)                   Turns: 1289, Time: 00:06:36

Health: -2/25      AC:  3    Str: 10    XL:     3   Next: 45%
Magic:  4/7        EV: 12    Int: 17    God:    Kikubaaqudgha [*.....]
Gold:   74         SH:  0    Dex:  8    Spells: 6/7 levels left

rFire   x . .      SeeInvis .    g - +0 hand axe
rCold   + . .      Faith    .    (no shield)
rNeg    . . .      Spirit   .    c - +0 robe
rPois   .          Reflect  .    (no helmet)
rElec   .          Harm     .    (no cloak)
rCorr   .          Rampage  .    (no gloves)
Will    .....                    d - +0 pair of boots
Stlth   +                        (no amulet)
HPRegen 0.24/turn                e - ring of ice
MPRegen 0.10/turn                (no ring)

@: lethally poisoned (-2 -> -23)
A: fangs 1, strong nose, distributed training
a: Renounce Religion, Unearth Wretches


You were on level 2 of the Dungeon.
You worshipped Kikubaaqudgha.
Kikubaaqudgha was aware of your devotion.
You visited 1 branch of the dungeon, and saw 2 of its levels.

You collected 74 gold pieces.

Inventory:

Hand Weapons
 g - a +0 hand axe (weapon)
Missiles
 a - 4 boomerangs (quivered)
Armour
 c - a +0 robe (worn)
 d - a +0 pair of boots (worn)
Jewellery
 e - a ring of ice (left hand)
Scrolls
 h - a scroll of identify {unknown}
Potions
 b - a potion of curing
 f - a potion of magic {unknown}
 i - a potion of attraction {unknown}
 j - 2 potions of resistance {unknown}


   Skills:
 + Level 0.9 Fighting
 + Level 0.9 Short Blades
 + Level 0.9 Long Blades
 + Level 0.9 Axes
 + Level 0.9 Maces & Flails
 + Level 0.9 Polearms
 + Level 0.9 Staves
 + Level 0.9 Ranged Weapons
 + Level 0.9 Throwing
 + Level 2.6 Armour
 + Level 4.5 Dodging
 + Level 0.9 Stealth
 + Level 0.9 Shields
 + Level 0.9 Unarmed Combat
 + Level 2.8 Spellcasting
 + Level 0.6 Conjurations
 + Level 0.6 Hexes
 + Level 0.6 Summonings
 + Level 0.6 Necromancy
 + Level 0.6 Translocations
 + Level 5.4 Transmutations
 + Level 0.6 Fire Magic
 + Level 5.4 Ice Magic
 + Level 0.6 Air Magic
 + Level 0.6 Earth Magic
 + Level 0.6 Poison Magic
 + Level 1.0 Invocations
 + Level 0.9 Evocations


You had 6 spell levels left.
You knew the following spells:

 Your Spells              Type           Power      Damage    Failure   Level
a - Freeze                Ice            100%       1d10      1%          1

Your spell library contained the following spells:

 Spells                   Type           Power      Damage    Failure   Level
 Beastly Appendage        Tmut           40%        N/A       1%          1
 Ensorcelled Hibernation  Hex/Ice        38%        N/A       8%          2
 Kiss of Death            Conj/Necr      16%        2d6       14%         1
 Necrotise                Necr           16%        1d4       14%         1
 Slow                     Hex            16%        N/A       14%         1
 Spider Form              Tmut/Pois      12%        N/A       16%         3
 Ice Form                 Ice/Tmut       31%        N/A       19%         4
 Cigotuvi's Dreadful Rot  Necr/Pois/Air  8%         N/A       21%         2
 Confusing Touch          Hex            4%         N/A       38%         3
 Vampiric Draining        Necr           4%         2d6       38%         3
 Animate Dead             Necr           4%         N/A       80%         4


Dungeon Overview and Level Annotations

Branches:
Dungeon (2/15)

Altars:
Kikubaaqudgha


Innate Abilities, Weirdness & Mutations

You have very sharp teeth.
Your uncanny sense of smell can sniff out nearby items.
Your experience applies equally to all skills.


Message History

Found 4 gold pieces.
You now have 74 gold pieces (gained 4).
An orc comes into view. It is wielding a +1 flail of venom.
The orc shouts!
You hear a shout!
A kobold comes into view. It is wielding a +0 short sword.
Casting: Freeze (safe; 1% risk of failure)
Confirm with . or Enter, or press ? or * to list all spells.
You can't see any susceptible monsters within range! (Use Z to cast anyway.)
The orc hits you with a +1 flail of venom!
You are poisoned.
Casting: Freeze (safe; 1% risk of failure)
Confirm with . or Enter, or press ? or * to list all spells.
Aiming: Freeze (safe; 1% risk of failure)
Press: ? - help, Shift-Dir - straight line, f - orc
Aim: an orc, wielding a +1 flail of venom You feel a surge of power!
You freeze the orc.
The orc is lightly wounded.
You feel very sick. The orc barely misses you.
Casting: Freeze (safe; 1% risk of failure)
Confirm with . or Enter, or press ? or * to list all spells.
Aiming: Freeze (safe; 1% risk of failure)
Press: ? - help, Shift-Dir - straight line, f/p - orc
Aim: an orc, wielding a +1 flail of venom (lightly wounded)
You feel a surge of power!
You freeze the orc.
The orc is severely wounded.
You feel sick.
The orc hits you with a +1 flail of venom!
* * * LOW HITPOINT WARNING * * *
You are more poisoned.
Casting: Freeze (safe; 1% risk of failure)
Confirm with . or Enter, or press ? or * to list all spells.
Aiming: Freeze (safe; 1% risk of failure)
Press: ? - help, Shift-Dir - straight line, f/p - orc
Aim: an orc, wielding a +1 flail of venom (severely wounded)
You feel a surge of power!
You freeze the orc.
You kill the orc!
Kikubaaqudgha accepts your kill.
You die...
Kikubaaqudgha rasps: "You have failed me!
Welcome... death!"

†##.....#
#.......# .
..~~~~..# .##
.~~~~~~.# ..#
.~~~~~~.# #.#
.~~~~~..# ...
..~~~~..# #K#
........# #)#
####.###########@#
#.............#
###############


You could see a kobold.

Vanquished Creatures
  A gnoll (D:1)
  A dart slug (D:1)
  An orc (D:2)
  3 ball pythons
  3 endoplasms (D:1)
  A giant cockroach (D:1)
  2 hobgoblins (D:1)
  2 jackals (D:1)
  A kobold (D:1)
  A quokka (D:1)
  3 bats
  8 frilled lizards (D:2)
  A rat (D:1)
28 creatures vanquished.

Notes
Turn   | Place    | Note
-------+----------+-------------------------------------------
     0 | D:1      | Sabo the Gnoll Wanderer began the quest for the Orb.
     0 | D:1      | Sabo set off with the following items: a +0 club, a potion
                  | of curing, a +0 robe, a +0 pair of boots; and the following
                  | spells available to memorise: Beastly Appendage, Freeze,
                  | Ensorcelled Hibernation, Spider Form, Ice Form.
     0 | D:1      | Reached XP level 1. HP: 13/13 MP: 4/4
     2 | D:1      | Learned a level 1 spell: Freeze
   245 | D:1      | Reached XP level 2. HP: 18/19 MP: 2/5
  1030 | D:1      | Reached XP level 3. HP: 16/25 MP: 2/7
  1080 | D:1      | Found a faded altar of an unknown god.
  1084 | D:1      | Prayed at the altar of an unknown god.
  1084 | D:1      | Became a worshipper of Kikubaaqudgha
  1084 | D:1      | Reached * piety under Kikubaaqudgha
  1084 | D:1      | Received a gift from Kikubaaqudgha
  1167 | D:2      | Reached skill level 1 in Invocations
  1289 | D:2      | Succumbed to an orc's poison

Illustrated notes

Levels and vault maps discovered:
D:1:      lemuel_arrival_lava_pool, layout_basic, basic_ecumenical_altar
D:2:      layout_loops_ring, minmay_lizard_pond

Skill      XL: |  1  2  3 |
---------------+----------+-----
Invocations    | 1 |  1.0
Fighting       | |  0.9
Short Blades   | |  0.9
Long Blades    | |  0.9
Axes           | |  0.9
Maces & Flails | |  0.9
Polearms       | |  0.9
Staves         | |  0.9
Ranged Weapons | |  0.9
Throwing       | |  0.9
Armour         | |  2.6
Dodging        | |  4.5
Stealth        | |  0.9
Shields        | |  0.9
Unarmed Combat | |  0.9
Spellcasting   | |  2.8
Conjurations   | |  0.6
Hexes          | |  0.6
Summonings     | |  0.6
Necromancy     | |  0.6
Translocations | |  0.6
Transmutations | |  5.4
Fire Magic     | |  0.6
Ice Magic      | |  5.4
Air Magic      | |  0.6
Earth Magic    | |  0.6
Poison Magic   | |  0.6
Evocations     | |  0.9

Action                     || total
---------------------------++-------
  Melee: Club              ||    10
         Hand axe          ||    18
         Punch             ||     1
   Cast: Freeze            ||    32
 Armour: Robe              ||    12
  Dodge: Dodged            ||    39

Table legend: (Time is in decaauts)
 A = Elapsed time spent in this place.
 B = Non-inter-level travel time spent in this place.
 C = Inter-level travel time spent in this place.
 D = Time resting spent in this place.
 E = Time spent auto-exploring this place.
 F = Levels seen in this place.
 G = Mean time per level.
                   A        B        C        D        E       F      G
               +--------+--------+--------+--------+--------+-----+--------+
         Total |   1294 |   1294 |      0 |    500 |      0 |   2 |  647.0 |
       Dungeon |   1294 |   1294 |      0 |    500 |      0 |   2 |  647.0 |
               +--------+--------+--------+--------+--------+-----+--------+

Top non-repeatable levels by time:
     D:1: 1164 daAuts
     D:2: 130 daAuts
